 Dungeon Crawl Stone Soup version 0.29.0-5-ge4962eb29e (webtiles) character file.

Game seed: 18317424238454149072

22248 edwardauron the Timeless (level 12, -1/96 HPs)
             Began as a Demonspawn Fighter on Aug 30, 2022.
             Was a High Priest of Cheibriados.
             Slain by a vault guard
             ... wielding a +0 glaive
              (7 damage)
             ... on level 13 of the Dungeon.
             The game lasted 00:16:58 (12774 turns).

edwardauron the Timeless (Demonspawn Fighter)      Turns: 12774, Time: 00:16:59

Health: -1/96      AC: 15    Str: 35    XL:     12   Next: 61%
Magic:  0/19       EV: 21    Int: 24    God:    Cheibriados [*****.]
Gold:   923        SH: 20    Dex: 31    Spells: 11/11 levels left

rFire   . . .      SeeInvis .   a - +2 war axe (freeze)
rCold   + . .      Faith    +   P - +0 tower shield
rNeg    . . .      Spirit   +   x - +4 ring mail "Qophu" {Will+ rCorr}
rPois   .          Reflect  .   (no helmet)
rElec   .          Harm     .   G - +0 cloak
rCorr   +          Rampage  .   g - +0 pair of gloves
Will    +....      Rage     3%  w - +0 pair of boots
Stlth   ++++......              t - amulet of faith
HPRegen 0.26/turn               v - ring of protection from cold
MPRegen 0.32/turn               p - +4 ring of evasion

@: very slow
A: thin skeletal structure 2, spiny 3, magic shield, magic regeneration, demonic
touch 2, berserk 1, mutation resistance 1, sense surroundings 1
a: Renounce Religion, Bend Time, Temporal Distortion, Slouch, Step From Time


You were on level 13 of the Dungeon.
You worshipped Cheibriados.
Cheibriados was extremely pleased with you.
You visited 2 branches of the dungeon, and saw 14 of its levels.
You also visited: Sewer.

You collected 923 gold pieces.

Inventory:

Hand Weapons
 a - a +2 war axe of freezing (weapon)
Armour
 g - a +0 pair of gloves (worn)
 u - an orb of guile
 w - a +0 pair of boots (worn)
 x - the +4 ring mail "Qophu" (worn) {Will+ rCorr}
   (You found it on level 4 of the Dungeon)

   rCorr:     It protects you from acid and corrosion.
   Will:      It increases your willpower.
 D - a +1 scale mail of willpower
 G - a +0 cloak (worn)
 P - a +0 tower shield (worn)
Magical Staves
 o - a staff of conjuration
 q - a staff of death
Jewellery
 p - a +4 ring of evasion (right hand)
 t - an amulet of faith (around neck)
 v - a ring of protection from cold (left hand)
 C - a +4 ring of evasion
 N - a ring of willpower
Wands
 n - a wand of paralysis (11)
 r - a wand of roots (10)
 H - a wand of polymorph (3)
 L - a wand of mindburst (7)
 O - a wand of digging (4)
Scrolls
 c - a scroll of amnesia
 e - 3 scrolls of silence
 i - 3 scrolls of poison
 l - 4 scrolls of vulnerability
 y - 4 scrolls of fear
 E - 3 scrolls of immolation
 F - 2 scrolls of magic mapping
 I - 5 scrolls of teleportation
 J - a scroll of summoning
 K - a scroll of blinking
 M - a scroll of identify
Potions
 b - 2 potions of resistance
 d - 4 potions of mutation
 f - 5 potions of attraction
 h - 4 potions of invisibility
 k - 7 potions of curing
 m - 9 potions of brilliance
 s - 8 potions of flight
 z - a potion of might
 A - 3 potions of magic
 B - 4 potions of cancellation


   Skills:
 + Level 9.4 Fighting
 + Level 8.5 Axes
 + Level 8.7 Armour
 + Level 8.1 Dodging
 + Level 8.6 Shields
 + Level 10.1 Invocations
 - Level 2.1 Evocations


You had 11 spell levels left.
You didn't know any spells.
Your spell library contained the following spells:

 Spells                   Type           Power      Damage    Failure   Level
 Apportation              Tloc           0%         N/A       80%         1
 Foxfire                  Conj/Fire      0%         2x1d4     80%         1
 Necrotise                Necr           0%         1d4       80%         1
 Summon Small Mammal      Summ           0%         N/A       80%         1
 Blink                    Tloc           0%         N/A       90%         2
 Scorch                   Fire           0%         2d5       90%         2
 Conjure Flame            Conj/Fire      0%         6-21      99%         3
 Gell's Gravitas          Tloc           0%         N/A       99%         3
 Inner Flame              Hex/Fire       0%         N/A       99%         3
 Lesser Beckoning         Tloc           0%         N/A       99%         3
 Teleport Other           Tloc           0%         N/A       99%         3
 Animate Dead             Necr           0%         N/A       100%        4
 Flame Wave               Conj/Fire      0%         2d4       100%        4
 Passage of Golubria      Tloc           0%         N/A       100%        4
 Borgnjor's Vile Clutch   Necr/Erth      0%         N/A       100%        5
 Manifold Assault         Tloc           0%         N/A       100%        5
 Silence                  Hex/Air        0%         N/A       100%        5
 Death Channel            Necr           0%         N/A       100%        6
 Dispersal                Tloc           0%         N/A       100%        6
 Summon Cactus Giant      Summ           0%         N/A       100%        6
 Lehudib's Crystal Spear  Conj/Erth      0%         10d2      100%        8


Dungeon Overview and Level Annotations

Branches:
Dungeon (13/15)            Temple (1/1) D:5            Lair (0/5) D:10
    Orc (0/2) D:12          Sewer (visited)
 Vaults: D:13-14

Altars:
Ashenzari
Cheibriados
Dithmenos
Kikubaaqudgha
Makhleb
Nemelex Xobeh
Okawaru
Trog
Yredelemnul


Innate Abilities, Weirdness & Mutations

You have a moderately thin skeletal structure. (Dex +4, Stealth++)
You are completely covered in sharp spines.
When hurt, damage is shared between your health and your magic reserves.
You regenerate magic rapidly.
Your touch may inflict irresistible damage on your foes.
You sometimes lose your temper in combat.
You are somewhat resistant to further mutation.
You passively map a small area around you.


Message History

Cheibriados thoroughly appreciates the change of pace.
You block the vault guard's attack. The vault guard blocks your attack.
You block the vault guard's attack.
The vault guard hits you from afar with a +0 glaive!
* * * LOW HITPOINT WARNING * * *
You block the vault guard's attack.
You feel much better. You block the vault guard's attack.
The vault guard hits you with a +2 long sword.
* * * LOW HITPOINT WARNING * * *
Okay, then.
Magic courses through your body. You block the vault guard's attack. x2
Activating: Slouch (1% risk of failure)
Press: ? - help, Dir - look around, f - activate You can feel time thicken for a moment.
The vault guard closely misses you. You block the vault guard's attack.
Unknown command.
Activating: Slouch (1% risk of failure)
Press: ? - help, Dir - look around, f - activate You can feel time thicken for a moment.
You kill the human!
Cheibriados appreciates the change of pace.
You kill the human!
Cheibriados appreciates the change of pace.
You block the vault guard's attack. The vault guard misses you.
Activating: Slouch (1% risk of failure)
Press: ? - help, Dir - look around, f - activate You can feel time thicken for a moment.
Cheibriados lowers the support of your attributes as your movement quickens.
The vault guard hits you from afar with a +0 glaive!
* * * LOW HITPOINT WARNING * * *
The vault guard hits you but does no damage.
You don't have enough magic at the moment.
Unknown command.
You hit the vault guard but do no damage.
The vault guard is almost dead.
The vault guard misses you.
The vault guard hits you with a +2 long sword!!
* * * LOW HITPOINT WARNING * * *
The vault guard hits you from afar with a +0 glaive!
You die...

#.............#.'...+,
#..## #.
######........#≈#...#*
#...# #.
#........#§'...+,##.#'## #.
#........#§#...# #.....###.
#........#~'...+ #.......†.
#........#~#...#*#.......††
#........#pp~†.+ #..[......
#........###p''# ##+##.....
########..@p†..# *#.....
######### *+ #.....
,....... ....... * * , , ,
* * * , * * *


You could see 2 vault guards.

Vanquished Creatures
  Josephine (D:12)
  A fire dragon (shapeshifter) (D:13)
  4 vault guards (D:13)
  The ghost of Sabo the Cleaver, a journeyman FoFi of Ashenzari (D:9)
  A two-headed ogre (D:13)
  Urug (D:11)
  A deep elf pyromancer (D:13)
  A cyclops (D:11)
  2 manticores (D:12)
  Maurice (D:9)
  A gargoyle (D:11)
  Maggie (D:7)
  Psyche (D:8)
  The ghost of freelancePsychic the Twirler, a novice MeHW of Elyvilon (D:5)
  An unseen horror (D:12)
  3 kobold demonologists
  3 trolls
  An efreet (D:12)
  2 polar bears (D:12)
  3 hornets
  Grinder (D:3)
  5 centaur simulacra (D:12)
  Sigmund (D:3)
  A wyvern (D:10)
  6 wraiths
  3 shadows (D:12)
  Grum (D:11)
  5 humans (D:13)
  A yak (D:12)
  Eustachio (D:4)
  2 steam dragons (D:7)
  Edmund (D:4)
  9 vampire mosquitoes
  2 water moccasins (D:7)
  2 acid dragons
  Duvessa (D:5)
  2 orc warriors (D:6)
  A hornet zombie (D:6)
  A black bear (D:6)
  4 ice beasts (D:12)
  2 ogres
  4 wolves
  5 centaurs
  2 phantoms
  4 bullfrogs
  4 kobold brigands
  2 necrophages
  A gnoll sergeant (D:8)
  2 scorpions
  2 wights (D:6)
  Dowan (D:5)
  3 troll zombies (D:12)
  6 killer bees (D:9)
  5 howler monkeys
  4 electric eels
  3 bullfrog zombies
  2 centaur zombies (D:6)
  3 hounds
  A human zombie (D:6)
  3 jellies
  6 orc priests
  2 gnoll boudas
  A bullfrog skeleton (D:5)
  4 iguanas
  Natasha (twice) (D:3)
  11 orc wizards
  3 killer bee zombies
  5 ogre zombies (D:12)
  A mummy (D:6)
  2 howler monkey zombies (D:6)
  17 gnolls
  13 adders
  A shadow imp (D:7)
  7 white imps
  4 worms
  2 dart slugs
  42 orcs
  4 endoplasms
  6 goblins
  10 hobgoblins
  40 kobolds
  3 quokkas
  10 ball pythons
  12 bats
  8 frilled lizards
  2 goblin skeletons (D:12)
  5 goblin zombies (D:12)
  A hobgoblin skeleton (D:12)
  2 hobgoblin zombies (D:12)
  2 orc skeletons (D:12)
  13 orc zombies (D:12)
  10 rats
391 creatures vanquished.

Vanquished Creatures (others)
  An orc wizard (D:9)
  6 plants
7 creatures vanquished.

Grand Total: 398 creatures vanquished

Notes
Turn   | Place    | Note
-------+----------+-------------------------------------------
     0 | D:1      | edwardauron the Demonspawn Fighter began the quest for the
                  | Orb.
     0 | D:1      | Reached XP level 1. HP: 18/18 MP: 1/1
   223 | D:1      | Gained mutation: You have a somewhat thin skeletal
                  | structure. (Dex +2, Stealth+) [demonic ancestry]
   223 | D:1      | Reached XP level 2. HP: 21/24 MP: 2/2
   797 | D:1      | Found a faded altar of an unknown god.
  1005 | D:2      | Gained mutation: You are partially covered in sharp spines.
                  | [demonic ancestry]
  1005 | D:2      | Reached XP level 3. HP: 29/29 MP: 3/3
  1052 | D:2      | Reached skill level 1 in Dodging
  1624 | D:2      | Noticed a scorpion
  1633 | D:2      | Killed a scorpion
  1634 | D:2      | Gained mutation: You are mostly covered in sharp spines.
                  | [demonic ancestry]
  1634 | D:2      | Reached XP level 4. HP: 24/35 MP: 4/4
  2136 | D:3      | Gained mutation: You regenerate magic rapidly. [demonic
                  | ancestry]
  2136 | D:3      | Reached XP level 5. HP: 27/42 MP: 5/5
  2370 | D:3      | Noticed Grinder
  2373 | D:3      | Paralysed by Grinder for 4 turns
  2380 | D:3      | Killed Grinder
  2381 | D:3      | Gained mutation: Your touch may inflict minor irresistible
                  | damage on your foes. [demonic ancestry]
  2381 | D:3      | Reached XP level 6. HP: 29/48 MP: 6/6
  2663 | D:3      | Noticed Natasha
  2668 | D:3      | Killed Natasha
  3042 | D:3      | Noticed Natasha
  3053 | D:3      | Killed Natasha
  3197 | D:3      | Noticed Sigmund
  3202 | D:3      | Killed Sigmund
  3203 | D:3      | Gained mutation: When hurt, damage is shared between your
                  | health and your magic reserves. [demonic ancestry]
  3203 | D:3      | Reached XP level 7. HP: 55/55 MP: 7/7
  3396 | D:4      | Gained mutation: You sometimes lose your temper in combat.
                  | [potion of mutation]
  3396 | D:4      | Gained mutation: You passively map a small area around you.
                  | [potion of mutation]
  3396 | D:4      | Gained mutation: You are somewhat resistant to further
                  | mutation. [potion of mutation]
  3480 | D:4      | Noticed Eustachio
  3510 | D:4      | Killed Eustachio
  3511 | D:4      | Reached skill level 1 in Evocations
  3595 | D:4      | Reached skill level 5 in Fighting
  3600 | D:4      | Gained mutation: You are completely covered in sharp
                  | spines. [demonic ancestry]
  3600 | D:4      | Reached XP level 8. HP: 37/62 MP: 5/8
  3738 | D:4      | Noticed Edmund
  3750 | D:4      | HP: 1/62 [Edmund/+1 flail of holy wrath (4)]
  3752 | D:4      | Killed Edmund
  4029 | D:4      | Identified the +4 ring mail "Qophu" {Will+ rCorr}
  4206 | D:5      | Entered Level 5 of the Dungeon
  4236 | D:5      | Found a staircase to the Ecumenical Temple.
  4278 | Temple   | Entered the Ecumenical Temple
  4287 | Temple   | Became a worshipper of Cheibriados the Contemplative
  4309 | D:5      | Found a glowing drain.
  4326 | Sewer    | Entered a sewer
  4426 | Sewer    | Reached * piety under Cheibriados
  4579 | D:5      | Reached skill level 1 in Invocations
  4582 | D:5      | Noticed Dowan
  4583 | D:5      | Noticed Duvessa
  4611 | D:5      | Killed Duvessa
  4617 | D:5      | Killed Dowan
  4617 | D:5      | Reached ** piety under Cheibriados
  4618 | D:5      | Reached skill level 5 in Armour
  4882 | D:5      | Found a transporter.
  4882 | D:5      | Noticed freelancePsychic's ghost (novice MeHW)
  4886 | D:5      | Found a transporter.
  4894 | D:5      | Reached skill level 5 in Shields
  4895 | D:5      | Reached skill level 2 in Invocations
  5048 | D:5      | Reached XP level 9. HP: 69/69 MP: 11/11
  5248 | D:5      | Reached skill level 3 in Invocations
  5252 | D:5      | Reached *** piety under Cheibriados
  5261 | D:5      | Killed freelancePsychic's ghost
  5262 | D:5      | Reached skill level 5 in Axes
  5513 | D:6      | Noticed a troll
  5529 | D:6      | Killed a troll
  5539 | D:6      | Reached skill level 4 in Invocations
  5861 | D:6      | Found a basalt altar of Yredelemnul.
  5867 | D:6      | Reached skill level 5 in Dodging
  5875 | D:6      | Reached **** piety under Cheibriados
  6018 | D:6      | Identified the +6 sling of Ambiguity {venom, rCorr}
  6171 | D:6      | Reached skill level 5 in Invocations
  6333 | D:7      | Found an ancient bone altar of Kikubaaqudgha.
  6335 | D:7      | Found an iron altar of Okawaru.
  6346 | D:7      | Gained mutation: Your touch may inflict irresistible damage
                  | on your foes. [demonic ancestry]
  6346 | D:7      | Reached XP level 10. HP: 41/77 MP: 7/13
  6764 | D:7      | Reached ***** piety under Cheibriados
  6872 | D:7      | Noticed Maggie
  6884 | D:7      | Killed Maggie
  7252 | D:8      | Noticed Psyche
  7261 | D:8      | Killed Psyche
  7482 | D:8      | Reached skill level 6 in Invocations
  7969 | D:9      | Noticed Maurice
  7983 | D:9      | Killed Maurice
  8198 | D:9      | Identified the +4 spear "Giantslayer" {venom, rElec rPois
                  | Will- Str+5}
  8554 | D:9      | Found a runed translucent door.
  8554 | D:9      | Noticed Sabo's ghost (journeyman FoFi)
  8599 | D:9      | Killed Sabo's ghost
  8600 | D:9      | Reached skill level 7 in Invocations
  8701 | D:9      | Noticed a sun demon
  8864 | D:9      | Reached XP level 11. HP: 85/85 MP: 16/16
  9398 | D:10     | Entered Level 10 of the Dungeon
  9402 | D:10     | Reached ****** piety under Cheibriados
  9778 | D:10     | Found a staircase to the Lair.
 10042 | D:11     | Noticed a soul eater
 10442 | D:11     | Noticed Grum
 10453 | D:11     | Killed Grum
 10560 | D:11     | Noticed Urug
 10579 | D:11     | Killed Urug
 10729 | D:11     | Reached skill level 8 in Invocations
 11401 | D:12     | Noticed Josephine
 11418 | D:12     | Killed Josephine
 11499 | D:12     | Found a staircase to the Orcish Mines.
 11588 | D:12     | Reached skill level 9 in Invocations
 11588 | D:12     | Gained mutation: You have a moderately thin skeletal
                  | structure. (Dex +4, Stealth++) [demonic ancestry]
 11588 | D:12     | Reached XP level 12. HP: 39/94 MP: 1/18
 12476 | D:13     | Noticed a two-headed ogre
 12482 | D:13     | Killed a two-headed ogre
 12483 | D:13     | Noticed a fire dragon
 12492 | D:13     | Killed a fire dragon
 12733 | D:13     | Noticed a vault guard
 12733 | D:13     | Noticed a vault guard
 12733 | D:13     | Noticed a vault guard
 12733 | D:13     | Noticed a vault guard
 12734 | D:13     | Noticed a vault guard
 12737 | D:13     | Noticed a vault guard
 12749 | D:13     | Killed a vault guard
 12753 | D:13     | Killed a vault guard
 12758 | D:13     | Killed a vault guard
 12760 | D:13     | HP: 1/95 [vault guard/+0 glaive (10)]
 12763 | D:13     | Killed a vault guard
 12764 | D:13     | Reached skill level 10 in Invocations
 12774 | D:13     | Slain by a vault guard

Illustrated notes

Levels and vault maps discovered:
D:1:      dpeg_arrival_renting, layout_loops_cross,
          shapermc_ecumenical_altar_mp_urbaneastern
D:2:      layout_loops_ring, minmay_misc_feat_room, minmay_pentomino_p4
D:3:      minmay_bubble_buster, layout_rooms, uniq_sigmund, uniq_grinder,
          uniq_natasha
D:4:      layout_basic, uniq_edmund, uniq_eustachio
D:5:      layout_cave_pools, minmay_temple_entry_gardened_gates,
          cheibrodos_sewer_entry_sluice, gammafunk_ghost_mausoleum,
          serial_column_ruins, column_ruins_open_tiny, column_ruins_grid_3,
          column_ruins_grid_4, column_ruins_columns_T,
          column_ruins_corridor_corner, minmay_holes, grunt_ministairs_11,
          uniq_duvessa
D:6:      layout_basic, lemuel_mausoleum_altar_yredelemnul
D:7:      layout_basic, chequers_temple_overflow_statue_of_worship, uniq_maggie
D:8:      layout_loops_ring, uniq_psyche
D:9:      layout_basic, hellmonk_ghost_happy_afterlife, due_unseen_surprise,
          uniq_maurice
D:10:     layout_basic, lair_entry_dummy
D:11:     layout_irregular_city, uniq_urug, uniq_grum
D:12:     layout_cave_pools, zombieorc2_lemuel, serial_ice, serial_ice_b,
          serial_ice_n, serial_ice_g, serial_ice_d, serial_ice_j, serial_ice_h,
          uniq_josephine
D:13:     layout_basic, ximxim_vaults_locker_room, portal_ice_cave_entry_imps,
          nicolae_diode_basic, uniq_azrael
Temple:   hellmonk_temple_of_storms

Skill      XL: |  1  2  3  4  5  6  7  8  9 10 11 12 |
---------------+-------------------------------------+-----
Axes           | 2 3 4 5 6 7 8 |  8.5
Armour         | 3 4 5 6 7 8 |  8.7
Dodging        | 1 2 3 4 5 6 7 8 |  8.1
Shields        | 3 4 5 6 7 8 |  8.6
Fighting       | 4 5 6 7 8 9 |  9.4
Evocations     | 1 2 |  2.1
Invocations    | 2 5 7 9 10 | 10.1

Action                   |  1- 3 |  4- 6 |  7- 9 | 10-12 || total
-------------------------+-------+-------+-------+-------++-------
Melee: War axe           |    77 |    64 |   260 |   418 ||   819
Invok: Slouch            |       |       |       |     6 ||     6
Evoke: Wand              |       |     3 |     7 |     6 ||    16
  Use: Scroll            |       |     5 |    17 |     8 ||    30
       Potion            |       |     1 |     2 |    11 ||    14
 Stab: Sleeping          |       |       |    10 |     8 ||    18
       Distracted        |       |       |       |     2 ||     2
Armor: Scale mail        |    40 |    15 |    15 |       ||    70
       Ring mail         |       |       |    38 |   104 ||   142
Dodge: Dodged            |    43 |    27 |   157 |   376 ||   603
Block: Buckler           |    31 |     9 |    90 |    53 ||   183
       Tower shield      |       |       |       |   388 ||   388
